 Dungeon Crawl Stone Soup version 0.27.1-37-g7b29ead8ac (console) character file.

Game seed: 4467432438773485480

239284 grimtooth the Unseen (level 20, -1/129 HPs)
             Began as a Kobold Enchanter on Mar 15, 2023.
             Was the Champion of Fedhas.
             Slain by a vault warden (44 damage)
             ... on level 1 of the Vaults.
             The game lasted 05:15:52 (63481 turns).

grimtooth the Unseen (Kobold Enchanter)            Turns: 63481, Time: 05:15:53

Health: -1/129     AC: 16    Str: 16    XL:     20   Next: 6%
Magic:  23/29      EV: 23    Int: 20    God:    Fedhas [******]
Gold:   2821       SH: 14    Dex: 19    Spells: 19/31 levels left

rFire    . . .     SeeInvis .   a - +2 rapier (elec)
rCold    . . .     Faith    .   r - +2 buckler of the Game Afoot {+Inv}
rNeg     . . .     Spirit   .   Q - +0 swamp dragon scales
rPois    +         Reflect  +   e - +0 helmet
rElec    .         Harm     .   s - +1 cloak {rCorr}
rCorr    +         Rampage  .   M - +1 pair of gloves {Dex+3}
Will     +....                  E - +1 pair of boots {Fly}
Stlth    +++++++...             y - amulet of reflection
HPRegen  0.31/turn              T - +6 ring of strength
MPRegen  0.21/turn              u - +4 ring of evasion

@: flying
A: small, no large weapons, nightstalker 3
}: 2/15 runes: decaying, serpentine
a: Renounce Religion, Evoke Invisibility, Wall of Briars, Grow Ballistomycete,
Overgrow, Grow Oklob


You were on level 1 of the Vaults.
You worshipped Fedhas.
Fedhas was exalted by your worship.
You visited 7 branches of the dungeon, and saw 33 of its levels.
You also visited: Bailey, Ice Cave and Volcano.

You collected 4228 gold pieces.
You spent 1407 gold pieces at shops.

Inventory:

Hand Weapons
 a - a +2 rapier of electrocution (weapon)
 b - a +3 dagger of freezing
Missiles
 h - a curare-tipped dart
 o - 121 boomerangs (quivered)
 p - 3 throwing nets {=f}
 A - 109 poisoned darts
Armour
 e - a +0 helmet (worn)
 r - the +2 buckler of the Game Afoot (worn) {+Inv}
   (You found it on level 6 of the Lair of Beasts)

   +Inv:      It lets you turn invisible.
 s - a +1 cloak of preservation (worn)
 E - a +1 pair of boots of flying (worn)
 M - a +1 pair of gloves of dexterity (worn)
 Q - +0 swamp dragon scales (worn)
Jewellery
 d - a ring of protection from fire
 u - a +4 ring of evasion (right hand)
 y - an amulet of reflection (around neck)
 T - a +6 ring of strength (left hand)
 V - a ring of willpower
 W - a +4 ring of protection
Wands
 g - a wand of iceblast (22)
 x - a wand of paralysis (20)
 z - a wand of flame (30)
 B - a wand of digging (25)
 H - a wand of acid (11)
 I - a wand of charming (3)
 L - a wand of mindburst (48)
 N - a wand of polymorph (8)
Scrolls
 f - 5 scrolls of teleportation
 j - 4 scrolls of vulnerability
 m - 2 scrolls of fog
 n - 2 scrolls of summoning
 v - 2 scrolls of silence
 U - 5 scrolls of magic mapping
Potions
 c - 3 potions of ambrosia
 k - 5 potions of cancellation
 l - 4 potions of resistance
 q - a potion of heal wounds
 t - a potion of invisibility
 C - 5 potions of haste
 G - 2 potions of berserk rage
 O - 4 potions of might
 P - a potion of magic
 Y - 6 potions of curing
Miscellaneous
 i - a phial of floods
 D - a box of beasts
 R - a tin of tremorstones (2/2)
 S - a condenser vane


   Skills:
 - Level 15.0 Fighting
 - Level 12.0 Short Blades
 - Level 9.0 Throwing
 - Level 6.0 Armour
 * Level 9.5 Dodging
 - Level 18.0 Stealth
 - Level 6.0 Shields
 - Level 6.0 Spellcasting
 * Level 14.7 Hexes
 - Level 9.0 Ice Magic
 - Level 12.0 Invocations
 - Level 12.0 Evocations


You had 19 spell levels left.
You knew the following spells:

 Your Spells              Type           Power      Damage    Failure   Level
a - Corona                Hex            66%        N/A       1%          1
b - Ozocubu's Armour      Ice            42%        N/A       1%          3
e - Ensorcelled Hibernat  Hex/Ice        100%       N/A       1%          2
t - Tukima's Dance        Hex            60%        N/A       1%          3
x - Confusing Touch       Hex            60%        N/A       1%          3

Your spell library contained the following spells:

 Spells                   Type           Power      Damage    Failure   Level
 Dazzling Flash           Conj/Hex       70%        N/A       2%          3
 Inner Flame              Hex/Fire       35%        N/A       2%          3
 Beastly Appendage        Tmut           12%        N/A       19%         1
 Foxfire                  Conj/Fire      24%        2x1d5     19%         1
 Pain                     Necr           24%        1d5       19%         1
 Sting                    Tmut/Pois      24%        1d4       19%         1
 Summon Small Mammal      Summ           24%        N/A       19%         1
 Silence                  Hex/Air        17%        N/A       24%         5
 Summon Mana Viper        Hex/Summ       35%        N/A       24%         5
 Wereblood                Tmut           6%         N/A       26%         2
 Conjure Flame            Conj/Fire      6%         6-21      47%         3
 Gell's Gravitas          Tloc           3%         N/A       47%         3
 Spider Form              Tmut/Pois      3%         N/A       47%         3
 Stone Arrow              Conj/Erth      12%        3d7       47%         3
 Teleport Other           Tloc           6%         N/A       47%         3
 Petrify                  Tmut/Erth      6%         N/A       87%         4
 Discord                  Hex            30%        N/A       95%         8
 Ozocubu's Refrigeration  Ice            21%        4d9       98%         7
 Agony                    Necr           6%         N/A       99%         5
 Blade Hands              Tmut           3%         N/A       99%         5
 Bolt of Magma            Conj/Fire/Erth 3%         4d5       99%         5
 Excruciating Wounds      Necr           3%         N/A       99%         5
 Irradiate                Conj/Tmut      3%         3d15      99%         5
 Conjure Ball Lightning   Conj/Air       3%         3x3d6     100%        6
 Dispersal                Tloc           3%         N/A       100%        6
 Dragon Form              Tmut           3%         N/A       100%        7
 Disjunction              Tloc           3%         N/A       100%        8
 Lehudib's Crystal Spear  Conj/Erth      3%         10d2      100%        8
 Shatter                  Erth           3%         3d7*      100%        9


Dungeon Overview and Level Annotations

Branches:
Dungeon (15/15)            Temple (1/1) D:5            Lair (6/6) D:11
  Swamp (4/4) Lair:3        Snake (4/4) Lair:4        Slime (0/5) Lair:6
    Orc (2/2) D:9             Elf (0/3) Orc:2        Vaults (1/5) D:13
 Depths (0/5) D:15         Bailey (visited)           IceCv (visited)
Volcano (visited)

Altars:
Ashenzari
Cheibriados
Dithmenos
Elyvilon
Fedhas
Gozag
Hepliaklqana
Kikubaaqudgha
Makhleb
Nemelex Xobeh
Okawaru
Qazlal
Ru
Sif Muna
Trog
Uskayaw
Vehumet
Wu Jian
Xom
Yredelemnul
Zin
The Shining One
Jiyva

Shops:
D:2 (   D:8 *   D:15 :   Orc:1 *   Orc:2 [(?(   Snake:3 *[((

Annotations:
D:4 1 runed translucent door, pkoi's ghost, novice DrWz
D:9 1 runed translucent door, pkoi's ghost, novice DrAr
Lair:5 3 runed translucent doors
Swamp:1 2 transporters, grimtooth's ghost, adept GrIE
Swamp:3 Mara
Orc:2 3 runed translucent doors
Vaults:1 exclusion: ironbound convoker


Innate Abilities, Weirdness & Mutations

You are small and have problems with some larger weapons.
You are completely attuned to the shadows.


Message History

You hit the ironbound convoker but do no damage.
The ironbound convoker appears confused.
The ironbound convoker is almost dead.
The centaur warrior hits you but does no damage.
You block the centaur warrior's attack. You block the vault guard's attack.
The vault warden closely misses you.
You catch the helpless ironbound convoker completely off-guard!
You spit the ironbound convoker like a pig!!!
You kill the ironbound convoker!
Fedhas appreciates your contribution to the ecosystem.
You block the centaur warrior's attack. The centaur warrior closely misses you.
The ironbound convoker points at the centaur warrior and mumbles some strange words.
The centaur warrior seems to grow stronger.
The ironbound frostheart touches the centaur warrior.
The ironbound frostheart freezes the centaur warrior!!
You hit the ironbound frostheart.
Lightning courses through the ironbound frostheart!
The ironbound frostheart is moderately wounded.
The centaur warrior misses you. You block the centaur warrior's attack.
The vault guard completely misses you.
The vault sentinel blows a loud note on a signal horn!
The vault warden misses you. The ironbound frostheart misses you.
Search for what [? for help]? blink Can't find anything matching that.
Press: ? - help, v - describe, . - travel
Here: a vault warden, wielding a +0 vorpal long sword, wearing a +0 plate armour and wearing a +0 kite shield of cold resistance (strong)
The floor.
The centaur warrior hits you! You block the centaur warrior's attack.
The vault guard closely misses you.
The vault warden hits you with a +0 vorpal long sword!!
* * * LOW HITPOINT WARNING * * *
The ironbound convoker closely misses you.
The ironbound frostheart completely misses you.
Things that are here:
a +0 great mace; a +0 ring mail You block the centaur warrior's attack.
The centaur warrior kicks you but does no damage.
The vault warden hits you with a +0 vorpal long sword!!!
You die...
Fedhas appreciates your contribution to the ecosystem.

#.......##...##
####'''######.##
#.......# ##.#
#.......###.^)
#.......##....
#######.......'..∩..
.......#.......##.).#
.......#.......###)##
....p.p#.......# ##.#
....pc.+.......# ##.
....@p.######### ##
.....p.# .......#
########


You could see a vault warden (strong), a vault guard (strong), an ironbound
frostheart (confused), a centaur warrior (strong), a vault sentinel and an
ironbound convoker.

Vanquished Creatures
  Nikola (Swamp:2)
  A tentacled monstrosity (Swamp:2)
  2 nagarajas (Snake:4)
  A vault warden (Vaults:1)
  4 dire elephants
  3 bunyips
  An ettin (Orc:1)
  4 eleionomae
  A fire dragon (Lair:6)
  A yaktaur captain (D:15)
  11 naga warriors
  6 boulder beetles
  An ironbound frostheart (Vaults:1)
  3 salamander tyrants (Snake:4)
  8 vault guards (D:13)
  19 hydras
  26 anacondas
  3 two-headed ogres
  8 centaur warriors
  4 catoblepae
  6 death yaks
  6 alligators
  A tengu warrior (D:14)
  Urug (Orc:2)
  6 shock serpents
  12 naga sharpshooters
  An orc high priest (Orc:1)
  Nergalle (Lair:3)
  An ironbound beastmaster (Vaults:1)
  8 spriggans
  A sun demon (Volcano)
  A hell knight (Volcano)
  5 salamander mystics
  A titan skeleton (D:15)
  7 skeletal warriors
  A flayed ghost (D:14)
  6 goliath frogs
  2 bog bodies
  7 sea snakes (Snake:3)
  11 swamp dragons
  6 naga ritualists
  An ironbound convoker (Vaults:1)
  3 necromancers
  3 orc knights
  7 mana vipers
  A phantasmal warrior (D:15)
  7 lindwurms
  Pikel (D:7)
  4 deep elf pyromancers
  A fire giant zombie (D:15)
  5 manticores
  16 salamanders
  A wolf spider zombie (D:13)
  2 orc sorcerers (Orc:1)
  3 will-o-the-wisps
  7 ugly things
  A cyclops (Orc:2)
  A fire giant skeleton (D:15)
  8 elephants
  33 black mambas
  8 guardian serpents
  12 naga magi
  14 cane toads
  A cane toad (shapeshifter) (D:15)
  An unseen horror (D:13)
  2 centaur skeletons (D:13)
  6 rime drakes
  6 freezing wraiths
  Maggie (D:7)
  12 ice devils (IceCv)
  An entropy weaver simulacrum (IceCv)
  A tengu conjurer (D:14)
  4 yaktaurs
  3 anaconda simulacra (IceCv)
  3 red devils (Volcano)
  7 komodo dragons
  9 tyrant leeches
  11 trolls
  4 meliai
  10 hornets
  3 polar bears
  3 blink frogs (Lair:5)
  A dancing weapon (Snake:3)
  An ettin zombie (D:15)
  19 slime creatures
  8 dream sheep (Lair:6)
  3 shadows
  2 vampires
  5 wraiths
  A dire elephant simulacrum (IceCv)
  12 fire bats (D:14)
  5 basilisks
  5 wyverns
  47 yaks
  Grum (D:8)
  A steam dragon (Lair:6)
  Menkaure (D:5)
  13 vampire mosquitoes
  3 death yak simulacra
  16 swamp worms
  5 acid dragons
  30 nagas
  A harpy simulacrum (IceCv)
  A hell hound (Volcano)
  5 swamp drakes
  18 water moccasins
  2 black bears
  32 orc warriors
  2 hornet zombies
  A sky beast (D:7)
  3 necrophages
  5 ogres
  21 centaurs
  16 wolves
  3 kobold brigands
  11 bullfrogs
  2 gnoll sergeants (D:10)
  2 scorpions
  A water moccasin zombie (D:7)
  8 cane toad simulacra (IceCv)
  A two-headed ogre simulacrum (D:13)
  2 wyvern zombies (D:7)
  5 elephant simulacra
  5 howler monkeys
  4 wights
  A human zombie (D:7)
  9 centaur zombies
  A hound (D:5)
  7 orc priests
  2 gnoll shamans (D:5)
  3 jellies
  4 iguanas
  17 orc wizards
  3 troll simulacra
  A polar bear simulacrum (IceCv)
  6 hell rats (Lair:6)
  4 spriggan simulacra
  5 wolf simulacra (IceCv)
  A killer bee zombie (D:7)
  3 mummies (D:7)
  3 howler monkey zombies
  2 howler monkey skeletons
  5 adders
  14 gnolls
  3 naga simulacra
  A shadow imp (D:5)
  2 white imps
  An ufetubus (D:4)
  3 dart slugs
  72 orcs
  8 endoplasms
  A giant cockroach (D:2)
  8 goblins
  13 hobgoblins
  7 ball pythons
  66 bats
  6 frilled lizards
  31 kobolds
  2 rats
1071 creatures vanquished.

Vanquished Creatures (collateral kills)
  Erolcha (D:13)
  A hydra (Swamp:4)
  A swamp dragon (Swamp:4)
  A naga ritualist (Snake:1)
  2 orc knights (Orc:2)
  A salamander (Snake:3)
  Joseph (D:9)
  A will-o-the-wisp (Swamp:2)
  A naga mage (Snake:1)
  A hornet (Swamp:2)
  2 spriggans (Swamp:2)
  2 nagas
  9 orc warriors
  An ogre (Orc:2)
  5 wights
  An orc priest (Orc:2)
  2 orc wizards
  9 gnolls (Bailey)
  6 orcs
  98 ballistomycete spores
146 creatures vanquished.

Vanquished Creatures (others)
  3 thorn hunters
  2 eleionomae (Swamp:3)
  3 shambling mangroves
  2 hydras
  A spriggan (Swamp:3)
  2 bog bodies (Swamp:3)
  A lindwurm (Swamp:4)
  An oklob plant (Lair:6)
  3 tyrant leeches
  4 hornets (Swamp:3)
  19 dancing weapons
  2 swamp worms (Swamp:3)
  A swamp drake (Swamp:4)
  A centaur (Orc:2)
  7 ballistomycete spores
  3 bushes (Lair:6)
  12 foxfires
  101 fungi
  142 plants
  3 withered plants (D:15)
313 creatures vanquished.

Grand Total: 1530 creatures vanquished

Notes
Turn   | Place    | Note
-------+----------+-------------------------------------------
     0 | D:1      | grimtooth the Kobold Enchanter began the quest for the Orb.
     0 | D:1      | Reached XP level 1. HP: 10/10 MP: 3/3
   317 | D:1      | Reached XP level 2. HP: 15/15 MP: 3/5
   918 | D:1      | Reached XP level 3. HP: 19/19 MP: 6/6
  1311 | D:2      | Learned a level 2 spell: Ensorcelled Hibernation
  1619 | D:2      | Found Unkileux's Antique Weapon Shop.
  2465 | D:2      | Reached XP level 4. HP: 9/24 MP: 0/7
  2800 | D:3      | Found an opulent altar of Gozag.
  3367 | D:3      | Found a hide-covered altar of Uskayaw.
  3529 | D:3      | Reached skill level 5 in Hexes
  3536 | D:3      | Reached XP level 5. HP: 20/28 MP: 4/8
  3936 | D:4      | Found a runed translucent door.
  3979 | D:4      | Noticed pkoi's ghost (novice DrWz)
  4133 | D:4      | Found an ancient bone altar of Kikubaaqudgha.
  4139 | D:4      | Noticed an ogre
  4158 | D:4      | Killed an ogre
  4511 | D:4      | Reached XP level 6. HP: 32/32 MP: 9/9
  4774 | D:4      | Noticed an orc warrior
  5199 | D:5      | Entered Level 5 of the Dungeon
  5212 | D:5      | Learned a level 3 spell: Confusing Touch
  5295 | D:5      | Noticed a necrophage
  5416 | D:5      | Killed a necrophage
  5989 | D:5      | Found a staircase to the Ecumenical Temple.
  5989 | D:5      | Noticed a yak
  5989 | D:5      | Noticed a yak
  6109 | D:5      | Noticed a yak
  6220 | D:5      | Noticed a yak
  6241 | D:5      | Noticed Menkaure
  6252 | D:5      | Killed Menkaure
  6253 | D:5      | Reached XP level 7. HP: 18/36 MP: 8/10
  6655 | Temple   | Entered the Ecumenical Temple
  6775 | Temple   | Became a worshipper of Fedhas Madash
  7682 | D:5      | Reached XP level 8. HP: 41/41 MP: 2/11
  8425 | D:6      | Reached skill level 1 in Ice Magic
  8681 | D:6      | Reached * piety under Fedhas
  8782 | D:6      | Reached skill level 5 in Stealth
  9218 | D:7      | Reached skill level 5 in Short Blades
  9376 | D:7      | Reached XP level 9. HP: 45/45 MP: 13/13
  9382 | D:7      | Reached skill level 6 in Stealth
  9440 | D:7      | Noticed Maggie
  9918 | D:6      | Learned a level 3 spell: Tukima's Dance
  9972 | D:7      | Reached skill level 7 in Stealth
 10150 | D:7      | Noticed Pikel
 10210 | D:7      | Killed Pikel
 10211 | D:7      | Reached skill level 8 in Stealth
 10373 | D:7      | Found a basalt altar of Yredelemnul.
 10383 | D:7      | Reached skill level 1 in Shields
 10548 | D:7      | Reached XP level 10. HP: 50/50 MP: 11/16
 10712 | D:8      | Identified the +1 ring mail of Inevitability {rN++}
 10727 | D:8      | Found Owushreha's General Store.
 10732 | D:8      | Bought a scroll of teleportation for 36 gold pieces
 10732 | D:8      | Bought a scroll of identify for 24 gold pieces
 10732 | D:8      | Bought a scroll of identify for 24 gold pieces
 10877 | D:8      | Noticed Grum
 10931 | D:8      | - shouldnt it be right here
 10955 | D:8      | Found a flagged portal.
 10956 | D:8      | - ah
 10999 | Bailey   | Entered a bailey
 11010 | Bailey   | Reached ** piety under Fedhas
 11040 | Bailey   | Reached skill level 9 in Stealth
 11745 | D:8      | Reached *** piety under Fedhas
 12378 | D:9      | Found a staircase to the Orcish Mines.
 12415 | D:9      | Found a runed translucent door.
 12418 | D:9      | Noticed pkoi's ghost (novice DrAr)
 12519 | D:9      | Noticed Joseph
 12532 | D:9      | Killed Joseph
 12702 | D:9      | Reached skill level 10 in Stealth
 12880 | D:9      | Reached skill level 5 in Shields
 13019 | D:9      | Reached skill level 1 in Fighting
 13289 | D:9      | Found a hazy altar of Hepliaklqana.
 13361 | D:10     | Entered Level 10 of the Dungeon
 13391 | D:10     | Found a burning altar of Makhleb.
 13587 | D:10     | Found an iron altar of Okawaru.
 13594 | D:10     | Reached XP level 11. HP: 60/60 MP: 15/17
 13778 | D:10     | Reached **** piety under Fedhas
 13846 | D:10     | Reached skill level 11 in Stealth
 13903 | D:10     | Reached skill level 5 in Fighting
 13903 | D:10     | Reached skill level 5 in Spellcasting
 14131 | D:4      | Found a shimmering blue altar of Sif Muna.
 14144 | D:4      | Got Sif Muna's Guide on Calling and Poison
 14149 | D:4      | Found a bloodstained altar of Trog.
 14392 | D:7      | Killed Maggie
 14488 | D:8      | Killed Grum
 14713 | D:11     | Found a staircase to the Lair.
 14729 | D:11     | Noticed a two-headed ogre
 14825 | D:11     | Reached skill level 1 in Invocations
 14982 | D:11     | Noticed a deep elf pyromancer
 14986 | D:11     | Killed a deep elf pyromancer
 15616 | D:11     | Killed a two-headed ogre
 15617 | D:11     | Reached skill level 12 in Stealth
 15631 | Lair:1   | Entered Level 1 of the Lair of Beasts
 15938 | Lair:1   | Reached XP level 12. HP: 70/70 MP: 14/21
 16000 | Lair:1   | Reached skill level 5 in Invocations
 16431 | Lair:1   | Reached skill level 10 in Hexes
 16945 | Lair:2   | Reached ***** piety under Fedhas
 16963 | Lair:2   | Reached skill level 13 in Stealth
 18530 | Lair:3   | Noticed Nergalle
 18680 | Lair:3   | Found a staircase to the Swamp.
 18849 | Lair:3   | Reached skill level 14 in Stealth
 18849 | Lair:3   | Reached XP level 13. HP: 74/74 MP: 17/22
 18990 | Lair:3   | Noticed a boulder beetle
 19064 | Lair:4   | Found a staircase to the Snake Pit.
 19210 | Lair:4   | Noticed a four-headed hydra
 19273 | Lair:4   | Killed a four-headed hydra
 19373 | Lair:4   | Noticed an eight-headed hydra
 19466 | Lair:3   | Killed a boulder beetle
 20820 | Lair:5   | Found a runed translucent gate.
 20821 | Lair:5   | Found a runed translucent gate.
 20822 | Lair:5   | Found a runed translucent gate.
 20943 | Lair:5   | Noticed an eight-headed hydra
 20970 | Lair:5   | Found a dark tunnel.
 20998 | Volcano  | Entered a volcano
 21080 | Volcano  | Reached skill level 5 in Ice Magic
 21260 | Volcano  | - stabbed every dude
 21596 | Lair:5   | Noticed an eight-headed hydra
 21688 | D:11     | Acquired a +1 pair of boots of flying
 22055 | Lair:5   | Killed an eight-headed hydra
 22074 | Lair:5   | Reached skill level 15 in Stealth
 22230 | Lair:6   | Entered Level 6 of the Lair of Beasts
 22276 | Lair:6   | Reached skill level 1 in Evocations
 22334 | Lair:6   | Identified the +2 buckler of the Game Afoot {+Inv}
 22447 | Lair:6   | Found a viscous altar of Jiyva.
 22447 | Lair:6   | Found a staircase to the Slime Pits.
 22503 | Lair:6   | Reached ****** piety under Fedhas
 22797 | Lair:6   | Noticed a dire elephant
 22804 | Lair:6   | Noticed a four-headed hydra
 22924 | Lair:6   | Noticed a catoblepas
 22930 | Lair:6   | Reached XP level 14. HP: 66/80 MP: 20/23
 23152 | Lair:6   | Noticed a dire elephant
 24406 | Lair:6   | Reached skill level 5 in Evocations
 26178 | Lair:3   | Killed Nergalle
 26395 | Orc:1    | Entered Level 1 of the Orcish Mines
 26527 | Orc:2    | Entered Level 2 of the Orcish Mines
 26540 | Orc:2    | Found a runed translucent gate.
 27203 | Orc:1    | Found Kiuput's General Store.
 27208 | Orc:1    | Bought a scroll of teleportation for 48 gold pieces
 27208 | Orc:1    | Bought a scroll of teleportation for 48 gold pieces
 28201 | Orc:2    | Found a runed translucent gate.
 28202 | Orc:2    | Found a runed translucent gate.
 28202 | Orc:2    | Found an opulent altar of Gozag.
 28317 | Orc:2    | Noticed Urug
 28592 | Orc:2    | Killed Urug
 28761 | Orc:2    | Found a staircase to the Elven Halls.
 28953 | Orc:2    | Reached XP level 15. HP: 90/90 MP: 14/24
 29810 | Orc:2    | Found Jicist's Antique Weapon Shop.
 29810 | Orc:2    | Found Ziq Idy's Magic Scroll Shoppe.
 29810 | Orc:2    | Found Umeoxisa's Weapon Emporium.
 29863 | Orc:2    | Found Ophauzu's Antique Armour Boutique.
 30165 | Orc:2    | Bought 3 scrolls of identify for 84 gold pieces
 30170 | Orc:2    | Bought a runed cloak for 232 gold pieces
 30170 | Orc:2    | Bought a pair of embroidered gloves for 232 gold pieces
 30680 | D:12     | Reached skill level 10 in Invocations
 31477 | D:13     | Found a frozen archway.
 31643 | D:13     | - pretty sketchy
 31670 | IceCv    | Entered an ice cave
 33073 | IceCv    | Found an ancient bone altar of Kikubaaqudgha.
 33399 | IceCv    | Reached skill level 10 in Evocations
 34118 | D:13     | Found a gate to the Vaults.
 35060 | D:13     | Reached XP level 16. HP: 96/96 MP: 20/25
 35085 | D:13     | Noticed Erolcha
 35093 | D:13     | Killed Erolcha
 35149 | D:13     | You are sucked into a shaft and drop 2 floors!
 35149 | D:15     | Entered Level 15 of the Dungeon
 35339 | D:14     | Found a runed translucent door.
 35343 | D:14     | Found a sparkling altar of Nemelex Xobeh.
 35375 | D:14     | Identified the +6 hand crossbow "Kalu" {elec, Contam rElec
                  | rN+}
 35376 | D:14     | Identified the +7 falchion "Nuitz" {flame, rCorr Stlth+}
 35384 | D:14     | Learned a level 3 spell: Ozocubu's Armour
 35403 | D:14     | Found a white marble altar of Elyvilon.
 35551 | D:14     | Found a sacrificial altar of Ru.
 35720 | D:14     | Found a glowing golden altar of the Shining One.
 36066 | D:14     | Found a bloodstained altar of Trog.
 36112 | D:14     | Found a hide-covered altar of Uskayaw.
 36221 | D:15     | Reached skill level 10 in Fighting
 36293 | D:15     | Found a staircase to the Depths.
 36599 | D:14     | Found a white marble altar of Elyvilon.
 36758 | D:14     | Found a broken altar of Ashenzari.
 39129 | Lair:6   | Got the Handbook of the Oath and the Rocks
 39130 | Lair:6   | Identified the +3 quarterstaff "Iptoighe" {vorpal, Stlth+}
 41907 | Swamp:1  | Entered Level 1 of the Swamp
 41923 | Swamp:1  | You are sucked into a shaft and drop 1 floor!
 41923 | Swamp:2  | Noticed a tentacled monstrosity
 42157 | Swamp:2  | Reached skill level 1 in Armour
 43178 | Swamp:1  | Reached XP level 17. HP: 80/106 MP: 20/26
 43512 | Swamp:1  | Found a transporter.
 43526 | Swamp:1  | Found a transporter.
 43528 | Swamp:1  | Noticed grimtooth's ghost (adept GrIE)
 43950 | Swamp:2  | Noticed Nikola
 44167 | Swamp:2  | Reached skill level 5 in Armour
 44618 | Swamp:3  | Noticed a thorn hunter
 44944 | Swamp:3  | - one bad roll and i am toast
 45236 | Swamp:3  | Killed a thorn hunter
 45609 | Swamp:3  | Noticed Mara
 45827 | Swamp:4  | Entered Level 4 of the Swamp
 46170 | D:13     | Acquired 922 gold pieces
 46373 | Orc:2    | Bought a scroll of teleportation for 42 gold pieces
 46373 | Orc:2    | Bought a scroll of teleportation for 42 gold pieces
 46373 | Orc:2    | Bought a scroll of teleportation for 42 gold pieces
 46373 | Orc:2    | Bought a scroll of teleportation for 42 gold pieces
 46376 | Orc:2    | Bought a polished leather armour for 217 gold pieces
 46376 | Orc:2    | Identified the +1 leather armour "Uveotsob" {rElec Str+3
                  | Dex+3} (You bought it in a shop on level 2 of the Orcish
                  | Mines)
 46376 | Orc:2    | Bought an encrusted buckler for 294 gold pieces
 46376 | Orc:2    | Identified the +0 buckler "Wuuhiyso" {rPois Dex+5 Slay-3
                  | Stlth+} (You bought it in a shop on level 2 of the Orcish
                  | Mines)
 46850 | Swamp:4  | Killed a thorn hunter
 46894 | Swamp:4  | Killed a thorn hunter
 47008 | Snake:1  | Entered Level 1 of the Snake Pit
 47306 | Snake:1  | Reached skill level 10 in Short Blades
 48033 | Snake:1  | Reached skill level 1 in Throwing
 49199 | Swamp:2  | Killed a tentacled monstrosity
 49220 | Swamp:2  | Killed Nikola
 50115 | Snake:2  | Reached skill level 5 in Throwing
 51313 | Snake:3  | Reached skill level 16 in Stealth
 51634 | Snake:3  | Reached XP level 18. HP: 112/112 MP: 24/27
 52169 | Snake:3  | Found Rosob's General Store.
 52170 | Snake:3  | Found Sulyuk's Weapon Emporium.
 52170 | Snake:3  | Found Soowiuc's Armour Shoppe.
 52175 | Snake:3  | Found Tyasedeu's Weapon Emporium.
 54455 | Snake:4  | Entered Level 4 of the Snake Pit
 54547 | Snake:4  | Reached skill level 17 in Stealth
 57097 | Snake:4  | Reached XP level 19. HP: 119/119 MP: 28/28
 58301 | Snake:4  | Got a serpentine rune of Zot
 59117 | Swamp:4  | Reached skill level 18 in Stealth
 60439 | Swamp:4  | Got a decaying rune of Zot
 61473 | D:15     | Found a snail-covered altar of Cheibriados.
 62003 | D:15     | Found Fimoblieju's Book Shoppe.
 63136 | Vaults:1 | Entered Level 1 of the Vaults
 63160 | Vaults:1 | Reached skill level 15 in Fighting
 63318 | Vaults:1 | Reached XP level 20. HP: 117/129 MP: 24/29
 63481 | Vaults:1 | Slain by a vault warden

Illustrated notes ################ ########....†.[.@.....# >...........#####.###.# ####..#####[# #.###.### #..# #.## #.#.....# #..# #..# ##.#.....### #####.# #..###........... ......#####.......#.....### #####........####.#.)...# #...##.............).### #....##.#.#......##..# #..#...........####### Turn 10931 on D:8: - shouldnt it be right here #.## #.#.....# #..# ##.#.....##### #..###...........<# ####.......#.....###.# ......####.#.)...# #.# .............).#####.# #.#.#......##..# #..# .........####### #.## #........# .. #!# ########## .g.####!# ∩!.'@...# ..!####.# .g #!# # #.# .. Turn 10956 on D:8: - ah #### ###≈≈# ##§§§§### #≈≈≈≈§§§## #≈§≈.≈§§≈### ##....≈§≈§§## #≈.....§§≈§§# #.@)[).§≈≈§≈# ##..##..≈≈≈≈○ #### ##.##...### #..## #####..######...§ ###.......§§≈ ###....≈§≈§ ##...≈≈≈° #...≈≈≈≈ ##...§≈≈ ##...≈≈ #....§ Turn 21260 on Volcano: - stabbed every dude ... ... ......# .... ......# .... ### .....# ... ..#######...+ .## #...........#. .# #.............. .#......#.......@∩..... ##......#.............. # ......#.............. # ......+............. ######'##..##+###.### .........).+ .# ...........# ...........# ...........# ..........## ..........# Turn 31643 on D:13: - pretty sketchy

♣♣.≈..♣♣.♣.≈
♣.≈≈≈≈.♣≈≈≈≈≈≈♣
♣♣.<..♣...≈≈≈≈.♣
♣♣♣§.≈≈♣..≈...≈..
♣♣..≈≈≈.♣.≈≈.≈.§.♣
♣.♣≈.≈.♣♣♣.≈≈≈≈.§♣
≈≈.≈♣♣.≈≈≈.♣
♣≈≈.♣§≈.♣
.♣.≈..≈≈...♣
♣...≈≈P≈♣
...≈.♣≈≈≈≈.♣
♣.≈PPP≈.♣
.≈≈≈≈≈≈≈≈.≈♣
♣≈≈PRP§.♣
<....≈≈≈..♣♣
♣♣≈@P♣.♣♣
≈.≈.≈.≈≈≈♣.♣
♣.≈≈≈≈♣
≈.≈.≈≈≈≈≈≈♣♣
♣≈≈≈≈.♣
§.≈.≈.>≈♣.♣
♣.≈f≈≈♣
≈≈≈.....≈.♣
♣≈≈≈≈.♣
.≈♣>.≈.≈≈.♣
♣♣.♣≈≈≈≈≈.♣♣ ♣.≈
♣♣♣♣≈≈≈§...♣ ♣≈.
♣......♣♣ ♣≈♣
♣≈≈≈≈≈.♣ ♣.♣
♣...≈♣.♣ ♣♣.♣♣


Turn 44944 on Swamp:3: - one bad roll and i am toast

Levels and vault maps discovered:
D:1:      ebering_trefoil_3fold, layout_basic, minmay_heptomino_l4
D:2:      layout_basic, serial_shops, nicolae_lakefront_shop,
          kennysheep_generic_room_12
D:3:      layout_basic, nicolae_gozag_cash_rules_everything_around_me,
          nicolae_uskayaw_dance_hall
D:4:      layout_cave_pods, nzn_overflow_gifts_of_might_and_magic,
          nicolae_kikubaaqudgha_miasma_corner, ebering_ghost_sewer_d
D:5:      layout_loops_corners, minmay_temple_entry_butterflies, minivault_27,
          uniq_menkaure
D:6:      layout_rooms, lemuel_flamethrower_2
D:7:      layout_rooms, lemuel_mausoleum_altar_yredelemnul, uniq_pikel,
          uniq_maggie
D:8:      layout_loops_ring, serial_shops,
          nicolae_shop_temple_entry_statues_fountains, enter_bailey_7,
          kennysheep_generic_room_14, uniq_grum
D:9:      layout_loops_ring, worldfamousw_hep_ancestral_shrine, orc_0_dummy,
          hellmonk_ghost_happy_afterlife, uniq_joseph
D:10:     minmay_bubble_buster, layout_rooms, lightli_temple_of_fire,
          old_standard_altar
D:11:     layout_basic, lair_entry_dummy
D:12:     layout_basic
D:13:     layout_irregular_city, erik_vaults_2,
          portal_ice_cave_entry_ice_simulacra, solitary_fountain, uniq_erolcha
D:14:     due_megacathedral, layout_long_grid, nicolae_ashenzari_skybound,
          roderic_serpentine_path, nicolae_elyvilon_peaceful_grove
D:15:     gammafunk_depths_entry_grave, layout_rooms, minmay_misc_feat_tiny,
          serial_shops, nicolae_diamond_shop, minmay_ruined_shrine
Temple:   nicolae_temple_god_jail
Lair:1:   layout_regular_city, chequers_serial_rivers_small_a
Lair:2:   layout_concentric_octagons, serial_bayou_shore_a
Lair:3:   layout_roguey, minmay_swamp_entry_worms, small_statue_intersection,
          uniq_nergalle
Lair:4:   layout_gridlike, minmay_snake_entry_guardpost_small,
          serial_bayou_shore_b
Lair:5:   onia_ninara_swampy_vault, layout_loops_ring,
          nicolae_volcano_entry_lava_flow, gammafunk_ghost_cemetery
Lair:6:   guppyfry_lair_end_dragon, layout_loops_ring, hangedman_lair_in_review,
          slime_altar_1
Swamp:1:  layout_basic_swamp, gammafunk_ghost_wrathful_warriors,
          nicolae_swamp_some_circles, swamp_pool1
Swamp:2:  layout_falls_marsh, nicolae_swamp_very_dense_foliage, swamp_pool2,
          uniq_nikola
Swamp:3:  layout_falls_marsh, hangedman_swamp_ruin_hall, uniq_mara
Swamp:4:  swamp_alternative, layout_basic_swamp, swamp_pool1
Snake:1:  layout_basic
Snake:2:  layout_chambers, grunt_megastairs_2
Snake:3:  minmay_snake_river, layout_grid_maze, minmay_shoptagon
Snake:4:  snake_pit_salamanders_mu, layout_concentric_octagons, drop_trap,
          serial_bayou_pond_d
Orc:1:    nicolae_orc_accident_3, layout_diamond_mine, serial_shops, shop,
          lightli_orcish_oven
Orc:2:    st_orc_rangers, layout_diamond_mine, ebering_ghost_gozag, uniq_urug
Vaults:1: hangedman_vaults_stream, nicolae_vaults_windows_and_doors_thing,
          nicolae_vaults_big_ls, grunt_vaults_focal, vaults_dpeg_ring,
          vaults_standard_mumra_lines, nicolae_vaults_mini_display_case,
          nicolae_vaults_little_squares_2, hangedman_vaults_nodes,
          ontoclasm_vaults_pinch, v_alt_pattern_3, layout_vaults_maze_snakey

Skill      XL: |  1  2  3  4  5  6  7  8  9 10 11 12 13 14 15 16 17 18 19 |
---------------+----------------------------------------------------------+-----
Hexes          | 4 5 6 7 8 9 11 12 14 | 14.7
Short Blades   | 5 6 9 12 | 12.0
Spellcasting   | 3 4 6 |  6.0
Ice Magic      | 3 6 9 |  9.0
Stealth        | 5 8 10 12 14 15 16 17 18 | 18.0
Dodging        | 6 9 |  9.5
Shields        | 1 5 6 |  6.0
Fighting       | 3 6 9 12 13 15 | 15.0
Invocations    | 4 6 8 9 12 | 12.0
Evocations     | 2 7 11 12 | 12.0
Armour         | 3 6 |  6.0
Throwing       | 5 9 |  9.0

Action                   |  1- 3 |  4- 6 |  7- 9 | 10-12 | 13-15 | 16-18 | 19-21 || total
-------------------------+-------+-------+-------+-------+-------+-------+-------++-------
Melee: Dagger            |    82 |    28 |   174 |   237 |   597 |   421 |    73 ||  1612
       Short sword       |       |    41 |    61 |   141 |   338 |   412 |       ||   993
       Rapier            |       |       |       |       |       |   195 |   283 ||   478
Throw: Stone             |     1 |       |       |     1 |       |       |       ||     2
       Dart              |       |       |       |    18 |     6 |       |       ||    24
       Boomerang         |       |       |       |       |    50 |    44 |    22 ||   116
 Cast: Corona            |    16 |    11 |    12 |     2 |     4 |     1 |       ||    46
       Ensorcelled Hiber |     4 |    10 |    44 |   104 |   207 |   286 |   112 ||   767
       Confusing Touch   |       |     1 |    11 |    10 |    76 |    53 |    20 ||   171
       Tukima's Dance    |       |       |     1 |    22 |    42 |    34 |       ||    99
       Ozocubu's Armour  |       |       |       |       |       |     3 |     4 ||     7
Invok: Grow Ballistomyce |       |       |       |       |     5 |    11 |     4 ||    20
       Wall of Briars    |       |       |       |       |     3 |     9 |     2 ||    14
       Overgrow          |       |       |       |       |       |     1 |       ||     1
 Abil: Evoke Invisibilit |       |       |       |       |     2 |     3 |     1 ||     6
Evoke: Wand              |       |       |       |       |    17 |    16 |    13 ||    46
       Tin of tremorston |       |       |       |       |       |     1 |       ||     1
  Use: Potion            |     4 |     2 |       |       |     7 |    12 |     3 ||    28
       Scroll            |       |       |       |    12 |    17 |    11 |       ||    40
 Stab: Sleeping          |    21 |    18 |    38 |   102 |   154 |   199 |    71 ||   603
       Confused          |       |     2 |    16 |    14 |    90 |    75 |    20 ||   217
       Distracted        |       |       |     1 |     1 |     3 |     7 |     1 ||    13
       Invisible         |       |       |       |       |     5 |     8 |     2 ||    15
       Paralysed         |       |       |       |       |     3 |     1 |       ||     4
       Petrified         |       |       |       |       |       |     1 |       ||     1
Armor: Robe              |     6 |     3 |    22 |    22 |     4 |       |       ||    57
       Leather armour    |       |       |       |       |    75 |    63 |       ||   138
       Swamp dragon scal |       |       |       |       |       |    69 |    84 ||   153
Dodge: Dodged            |    46 |    49 |   167 |   135 |   429 |   567 |   246 ||  1639
Block: Buckler           |       |       |       |   183 |   468 |   591 |   237 ||  1479
       Reflection        |       |       |       |    12 |    45 |    36 |     9 ||   102
